 Dungeon Crawl Stone Soup version 0.30-a0-223-gcb0039aa0c (webtiles) character file.

Game seed: 6125249009612755175

333 qw the Chopper (level 6, -5/39 HPs)
             Began as a Gargoyle Fighter on Oct 9, 2022.
             Slain by an ogre
             ... wielding a +0 giant spiked club
              (18 damage)
             ... on level 4 of the Dungeon.
             The game lasted 00:01:10 (2869 turns).

qw the Chopper (Gargoyle Fighter)                   Turns: 2869, Time: 00:01:10

Health: -5/39      AC: 22    Str: 22    XL:     6   Next: 52%
Magic:  6/6        EV:  9    Int:  8    God:
Gold:   203        SH:  4    Dex:  9    Spells: 5/5 levels left

rFire   . . .      SeeInvis .    Y - +0 broad axe (protect)
rCold   . . .      Faith    .    c - +0 buckler
rNeg    + . .      Spirit   .    b - +0 scale mail
rPois   inf        Reflect  .    a - +1 helmet
rElec   +          Harm     .    n - +0 cloak
rCorr   .          Rampage  .    (no gloves)
Will    +....                    o - +0 pair of boots
Stlth   ..........               (no amulet)
HPRegen 0.26/turn                l - ring of willpower
MPRegen 0.10/turn                (no ring)

@: under a protective aura
A: sickness immunity, AC +4, negative energy resistance 1, electricity
resistance, torment resistance 1, petrification resistance
a: no special abilities


You were on level 4 of the Dungeon.
You visited 1 branch of the dungeon, and saw 5 of its levels.

You collected 203 gold pieces.


Innate Abilities, Weirdness & Mutations

You are immune to sickness and miasma.
Your stone body is resilient. (AC +4)
You are immune to poison.
You resist negative energy. (rN+)
You are resistant to electric shocks. (rElec)
You are resistant to unholy torment.
You are immune to petrification.


   Skills:
 - Level 4.5 Fighting
 + Level 5.1 Axes
 - Level 3.2 Armour
 - Level 1.4 Dodging
 - Level 3.2 Shields


You had 5 spell levels left.
You didn't know any spells.
Your spell library was empty.

Inventory:

Hand Weapons
 i - a +0 flail
 Y - a +0 broad axe of protection (weapon)
Missiles
 h - 2 boomerangs (quivered)
Armour
 a - a +1 helmet (worn)
 b - a +0 scale mail (worn)
 c - a +0 buckler (worn)
 n - a +0 cloak (worn)
 o - a +0 pair of boots (worn)
Jewellery
 l - a ring of willpower (left hand)
Scrolls
 m - a scroll of identify
Potions
 d - a potion of might
 e - 2 potions of attraction
 f - a potion of heal wounds
 g - a potion of lignification
 j - a potion of curing
 s - a potion of magic {unknown}

Dungeon Overview and Level Annotations

Branches:
Dungeon (5/15)
 Temple: D:4-7

Altars:


Message History

There are monsters nearby!
Existing waypoints: (1) D:4 (2) D:3 Assign waypoint to what number? (0-9, D - delete waypoint) Waypoint 2 re-assigned from D:3 to D:5.
Enter note: Throw: 2 boomerangs
Press: ? - help, Q - select action Shift-Dir - straight line, f - ice beast You throw a boomerang.
The boomerang barely misses the ice beast.
Throw: 2 boomerangs
Press: ? - help, Q - select action Shift-Dir - straight line, f/p - ice beast You throw a boomerang.
The boomerang closely misses the ice beast.
2864 ||| STAIRDANCE The ogre hits you with a +0 giant spiked club.
The ice beast barely misses you.
You climb upwards.
There is a stone staircase leading down here.
You barely miss the ice beast. You slash the ogre!
Your weapon exudes an aura of protection.
The ice beast hits you but does no damage.
The ogre closely misses you.
You barely miss the ogre.
The ogre is moderately wounded.
You closely miss the ice beast. The ice beast hits you.
The ice beast freezes you!
The ogre hits you with a +0 giant spiked club!
The ice beast hits you but does no damage.
You slash the ogre!
The ogre is severely wounded.
You barely miss the ice beast.
The ice beast hits you but does no damage.
The ogre hits you with a +0 giant spiked club.
You completely miss the ogre.
The ogre is severely wounded.
You hit the ice beast. The ice beast barely misses you.
The ogre hits you with a +0 giant spiked club!!
You die...

#.#...####.#.####. #.#...#
#.#...... #.#...# ##.#######
#.#...# #......... #.#.#.#
#..##...## #...#.# #..##...#
#...#'###..##...#
#Y#)....#..##...#
#@#.....#..##...#
#O#.....#..##...#
#.#.....#..##...#
################.#######..##...#
..........................######
##########........######.########
#..........###..........
#.......##..##).........
#######.......###.##.#########


You could see an ice beast and an ogre.

Vanquished Creatures
  3 scorpions (D:4)
  An iguana (D:4)
  Robin (D:2)
  4 adders
  An orc (D:4)
  5 ball pythons
  3 endoplasms
  5 giant cockroaches
  14 goblins
  7 hobgoblins
  9 jackals
  4 kobolds
  3 quokkas
  4 bats
  4 frilled lizards
  6 rats
74 creatures vanquished.

Notes
Turn   | Place    | Note
-------+----------+-------------------------------------------
     0 | D:1      | qw the Gargoyle Fighter began the quest for the Orb.
     0 | D:1      | Reached XP level 1. HP: 14/14 MP: 1/1
     0 | D:1      | 0 ||| qw: Version: 0.2-a-17-g06abaee
     0 | D:1      | 0 ||| qw: Game counter: 2229
     0 | D:1      | 0 ||| qw: Always use a shield: true
     0 | D:1      | 0 ||| qw: God list: Okawaru
     0 | D:1      | 0 ||| qw: Allow faded altars: false
     0 | D:1      | 0 ||| qw: Do Orc after D:15 true
     0 | D:1      | 0 ||| qw: Do second Lair branch before Depths: true
     0 | D:1      | 0 ||| qw: Lair rune preference: random
     0 | D:1      | 0 ||| qw: Plans: Normal, Zot:1-4, God:TSO, Crypt, Tomb,
                  | Pan, Slime:5, Hells, Abyss, Orb
     0 | D:1      | 0 ||| PLANNING D:1-11
    20 | D:1      | Reached skill level 2 in Axes
   272 | D:1      | Reached XP level 2. HP: 13/19 MP: 2/2
   316 | D:1      | 316 ||| Stepping ~*~*~tactically~*~*~ (stealth).
   535 | D:1      | 535 ||| SWAPPING to +0 broad axe.
   541 | D:1      | Reached skill level 3 in Axes
   541 | D:1      | 541 ||| DROPPING +0 war axe.
   655 | D:1      | 655 ||| DRINKING 2 coppery potions.
   689 | D:2      | 689 ||| Stepping ~*~*~tactically~*~*~ (stealth).
   692 | D:2      | 692 ||| Stepping ~*~*~tactically~*~*~ (stealth).
   695 | D:2      | 695 ||| Stepping ~*~*~tactically~*~*~ (hiding).
   698 | D:2      | Noticed Robin
   702 | D:2      | Reached XP level 3. HP: 22/23 MP: 3/3
   709 | D:2      | Killed Robin
   726 | D:2      | Reached XP level 4. HP: 13/28 MP: 4/4
   795 | D:2      | 795 ||| Stepping ~*~*~tactically~*~*~ (stealth).
   796 | D:2      | 796 ||| Stepping ~*~*~tactically~*~*~ (stealth).
   807 | D:2      | 807 ||| Stepping ~*~*~tactically~*~*~ (stealth).
   810 | D:2      | 810 ||| Stepping ~*~*~tactically~*~*~ (stealth).
  1021 | D:2      | 1021 ||| Stepping ~*~*~tactically~*~*~ (stealth).
  1022 | D:2      | 1022 ||| Stepping ~*~*~tactically~*~*~ (stealth).
  1205 | D:2      | Reached skill level 4 in Axes
  1256 | D:2      | 1256 ||| DROPPING +0 club.
  1422 | D:2      | 1422 ||| UPGRADING to +0 helmet.
  1427 | D:2      | 1427 ||| UPGRADING to +0 cloak.
  1432 | D:2      | 1432 ||| READING scroll labelled ZOXITU URAN.
  1433 | D:2      | 1433 ||| READING 4 scrolls labelled ELU GU ALYAH.
  1434 | D:2      | 1434 ||| READING scroll labelled ICKIKY CITEX.
  1435 | D:2      | 1435 ||| READING scroll labelled PAMEFO RIOMOA.
  1436 | D:2      | 1436 ||| READING scroll labelled XOSOJU PIMIN.
  1437 | D:2      | 1437 ||| READING scroll labelled XAPTITOUZI.
  1438 | D:2      | 1438 ||| READING scroll labelled RUXAET ERUDO.
  1439 | D:2      | 1439 ||| DRINKING 2 emerald potions.
  1484 | D:2      | 1484 ||| READING 3 scrolls of identify.
  1484 | D:2      | 1484 ||| IDENTIFYING purple potion
  1485 | D:2      | 1485 ||| READING 2 scrolls of identify.
  1485 | D:2      | 1485 ||| IDENTIFYING sedimented purple potion
  1486 | D:2      | 1486 ||| DROPPING potion of ambrosia.
  1508 | D:3      | 1508 ||| STAIRDANCE
  1536 | D:3      | 1536 ||| READING scroll of enchant armour.
  1536 | D:3      | 1536 ||| ENCHANTING +0 helmet.
  1610 | D:3      | 1610 ||| Stepping ~*~*~tactically~*~*~ (stealth).
  1654 | D:3      | 1654 ||| Stepping ~*~*~tactically~*~*~ (stealth).
  1655 | D:3      | 1655 ||| Stepping ~*~*~tactically~*~*~ (stealth).
  1664 | D:3      | 1664 ||| Stepping ~*~*~tactically~*~*~ (stealth).
  1665 | D:3      | 1665 ||| Stepping ~*~*~tactically~*~*~ (stealth).
  1670 | D:3      | 1670 ||| Stepping ~*~*~tactically~*~*~ (stealth).
  1792 | D:3      | Reached XP level 5. HP: 32/32 MP: 5/5
  1838 | D:3      | 1838 ||| READING scroll labelled ZIHAFUSOME.
  1839 | D:3      | 1839 ||| DRINKING 2 pink potions.
  1865 | D:4      | Reached skill level 5 in Axes
  1912 | D:4      | 1912 ||| DROPPING +0 whip.
  2083 | D:4      | Reached XP level 6. HP: 34/39 MP: 6/6
  2206 | D:4      | Reached skill level 1 in Dodging
  2239 | D:4      | 2239 ||| Stepping ~*~*~tactically~*~*~ (stealth).
  2240 | D:4      | 2240 ||| Stepping ~*~*~tactically~*~*~ (stealth).
  2271 | D:4      | 2271 ||| Stepping ~*~*~tactically~*~*~ (stealth).
  2272 | D:4      | 2272 ||| Stepping ~*~*~tactically~*~*~ (stealth).
  2273 | D:4      | 2273 ||| Stepping ~*~*~tactically~*~*~ (stealth).
  2319 | D:4      | 2319 ||| Stepping ~*~*~tactically~*~*~ (stealth).
  2321 | D:4      | 2321 ||| Stepping ~*~*~tactically~*~*~ (stealth).
  2354 | D:4      | 2354 ||| Stepping ~*~*~tactically~*~*~ (stealth).
  2833 | D:4      | 2833 ||| UPGRADING to +0 pair of boots.
  2838 | D:4      | 2838 ||| DROPPING ring of wizardry.
  2839 | D:4      | 2839 ||| UPGRADING to ring of willpower.
  2860 | D:5      | Entered Level 5 of the Dungeon
  2860 | D:5      | Noticed an ice beast
  2864 | D:5      | 2864 ||| STAIRDANCE
  2869 | D:4      | Slain by an ogre

Levels and vault maps discovered:
D:1:      roderic_dead_forest, layout_basic, amcnicky_mini_corridor_feature,
          kennysheep_pointless_box, minmay_hedge_maze, supply_closet_lemuel
D:2:      layout_basic, minmay_octomino_c4, uniq_robin
D:3:      layout_rooms
D:4:      layout_basic
D:5:      layout_gridville, kennysheep_generic_room_14

Skill      XL: |  1  2  3  4  5  6 |
---------------+-------------------+-----
Axes           | 2 3 4 5 |  5.1
Fighting       | 4 |  4.5
Dodging        | 1 |  1.4
Armour         | |  3.2
Shields        | |  3.2

Action                   |  1- 3 |  4- 6 || total
-------------------------+-------+-------++-------
Melee: War axe           |    23 |       ||    23
       Broad axe         |    33 |   152 ||   185
Throw: Boomerang         |    26 |    45 ||    71
  Use: Potion            |     1 |     2 ||     3
       Scroll            |       |    11 ||    11
Armor: Scale mail        |    37 |    98 ||   135
Dodge: Dodged            |    43 |    66 ||   109
Block: Buckler           |    19 |    24 ||    43

Table legend:
 A = Non-vault XP
 B = Vault XP
 C = Vault XP percentage of total XP
 D = Non-vault monster count
 E = Vault monster count
 F = Vault count percentage of total count
                 A         B        C        D         E       F
            +---------+---------+-------+---------+---------+-------
      Total |     421 |      55 |  11.6 |      57 |      17 |  23.0
            +---------+---------+-------+---------+---------+-------
        D:1 |      32 |       0 |   0.0 |      18 |       0 |   0.0
        D:2 |      15 |      55 |  78.6 |      10 |      17 |  63.0
        D:3 |      63 |       0 |   0.0 |      17 |       0 |   0.0
        D:4 |     311 |       0 |   0.0 |      12 |       0 |   0.0
            +---------+---------+-------+---------+---------+-------
